 Dungeon Sprint DCSS version 0.20.1-1-g8b1a95d (webtiles) character file.

433 potatolord6000 the Thaumaturge (level 6, -2/32 HPs)
             Began as a Deep Elf Summoner on Aug 30, 2017.
             Was an Elder of Sif Muna.
             Shot with an arrow by a centaur (4 damage)
             ... in the Dungeon (Sprint VII: "The Pits").
             The game lasted 00:07:47 (1359 turns).

potatolord6000 the Thaumaturge (Deep Elf Summoner)  Turns: 1359, Time: 00:07:48

Health: -2/32      AC:  2    Str:  5    XL:     6   Next: 67%
Magic:  2/20       EV: 17    Int: 22    God:    Sif Muna [****..]
Gold:   0          SH:  0    Dex: 15    Spells: 9/23 levels left

rFire    . . .     SeeInvis .   p - staff of energy
rCold    . . .     Gourm    .   (no shield)
rNeg     . . .     Faith    .   a - +0 robe
rPois    .         Spirit   .   (no helmet)
rElec    .         Reflect  .   (no cloak)
rCorr    .         Harm     .   (no gloves)
MR       .....     NoTele   +   (no boots)
Stlth    ++........             (no amulet)
Regen    0.1/turn               (no ring)
MPRegen  0.2/turn               (no ring)

@: no status effects
A: no striking features
a: Divine Energy, Channel Magic, Forget Spell, Renounce Religion


You were in the Dungeon.
You worshipped Sif Muna.
Sif Muna was greatly pleased with you.
You were full.

You visited 1 branch

Inventory:

Armour
 a - a +0 robe (worn)
Magical Staves
 p - an uncursed staff of energy (weapon)
Scrolls
 i - a scroll of blinking
 k - 3 scrolls of remove curse
 l - 4 scrolls of amnesia
 m - a scroll of summoning
Potions
 d - 6 potions of curing
 e - 5 potions of heal wounds
 g - 3 potions of magic
 h - 2 potions of berserk rage
Books
 b - a book of Callings

   Spells                             Type                      Level
   a - Summon Small Mammal            Summoning                    1
   b - Call Imp                       Summoning                    2
   c - Call Canine Familiar           Summoning                    3
   d - Summon Guardian Golem          Hexes/Summoning              3
   e - Summon Lightning Spire         Summoning/Air                4
   f - Summon Ice Beast               Ice/Summoning                4
Comestibles
 c - 8 bread rations
 n - 40 fruits
 o - 5 meat rations


   Skills:
 + Level 6.2 Staves
 + Level 8.1 Dodging
 - Level 2.4 Stealth
 + Level 9.0 Spellcasting
 + Level 8.3 Summonings
 + Level 7.0 Evocations


You had 9 spell levels left.
You knew the following spells:

 Your Spells              Type           Power        Failure   Level  Hunger
a - Summon Guardian Gole  Hex/Summ       ####....     3%          3    None
b - Call Canine Familiar  Summ           #####...     1%          3    None
c - Summon Ice Beast      Ice/Summ       ####....     12%         4    None
d - Summon Lightning Spi  Summ/Air       ####....     12%         4    None


Dungeon Overview and Level Annotations

Branches:
Dungeon (1/1)

Altars:
Ashenzari
Cheibriados
Dithmenos
Elyvilon
Fedhas
Gozag
Hepliaklqana
Kikubaaqudgha
Makhleb
Nemelex Xobeh
Okawaru
Qazlal
Ru
Sif Muna
Trog
Uskayaw
Vehumet
Xom
Yredelemnul
Zin
The Shining One
Beogh
Jiyva
Lugonu


Message History

A chill wind blows around you.
Casting: Summon Ice Beast
Confirm with . or Enter, or press ? or * to list all spells.
A chill wind blows around you.
The centaur shoots an arrow.
The arrow hits you.
You see here an arrow.
You swap places.
You see here a wyvern skeleton.
You swap places.
Your ice beast disappears in a puff of smoke!
Your ice beast closely misses the centaur.
The centaur shoots an arrow.
The arrow closely misses your ice beast.
The arrow hits you!
* * * LOW HITPOINT WARNING * * *
Your wolf bites the centaur but does no damage.
Your ice beast hits the centaur.
Your ice beast freezes the centaur!
The centaur shoots an arrow.
The arrow barely misses your ice beast. The arrow hits you.
You die...

#.#####'#####...<...#
#.#..[)))..##.......#
#.#..[)))..##.......#
#'###########.......#
#÷......#..##########
#..#.#..#.######
#.##.##.#.#....#
#.......#Y#....#
#.##.##@#hc....+
#..#.#.Y#§#....#
#......hc.# .c.#
########### ###


You could see a centaur, a friendly ice beast and a friendly wolf.

Vanquished Creatures
  A water moccasin (D)
  A leopard gecko (D)
2 creatures vanquished.

Vanquished Creatures (collateral kills)
  A wyvern (D)
  A hungry ghost (D)
  An acid dragon (D)
  An ice beast (D)
  A bullfrog (D)
  A jelly (D)
  Terence (D)
  2 iguanas (D)
  A river rat (D)
  An ufetubus (D)
  2 leopard geckos (D)
  2 bats (D)
  2 giant cockroaches (D)
  A hobgoblin (D)
  4 jackals (D)
  A frilled lizard (D)
  A goblin (D)
24 creatures vanquished.

Grand Total: 26 creatures vanquished

Notes
Turn   | Place    | Note
-------+----------+-------------------------------------------
     0 | D        | potatolord6000 the Deep Elf Summoner began the quest for the Orb.
     0 | D        | Reached XP level 1. HP: 10/10 MP: 6/6
    62 | D        | Found a bloodstained altar of Trog.
    62 | D        | Found a deep blue altar of Sif Muna.
    62 | D        | Found a viscous altar of Jiyva.
    62 | D        | Found a hazy altar of Hepliaklqana.
    62 | D        | Found an opulent altar of Gozag.
    63 | D        | Found a glowing golden altar of the Shining One.
    63 | D        | Found a glowing silver altar of Zin.
    63 | D        | Found a basalt altar of Yredelemnul.
    63 | D        | Found a shimmering altar of Xom.
    63 | D        | Found a sacrificial altar of Ru.
    63 | D        | Found a stormy altar of Qazlal.
    63 | D        | Found an iron altar of Okawaru.
    63 | D        | Found a sparkling altar of Nemelex Xobeh.
    63 | D        | Found a burning altar of Makhleb.
    63 | D        | Found a blossoming altar of Fedhas.
    63 | D        | Found a white marble altar of Elyvilon.
    63 | D        | Found a shadowy altar of Dithmenos.
    63 | D        | Found a snail-covered altar of Cheibriados.
    66 | D        | Found a corrupted altar of Lugonu.
    66 | D        | Found a radiant altar of Vehumet.
    66 | D        | Found a roughly hewn altar of Beogh.
    67 | D        | Found an ancient bone altar of Kikubaaqudgha.
    67 | D        | Found a hide-covered altar of Uskayaw.
    67 | D        | Found a shattered altar of Ashenzari.
    68 | D        | Became a worshipper of Sif Muna the Loreminder
   135 | D        | Reached skill level 1 in Evocations
   317 | D        | Noticed a water moccasin
   348 | D        | Reached * piety under Sif Muna
   362 | D        | Killed a water moccasin
   362 | D        | Reached skill level 5 in Dodging
   362 | D        | Reached skill level 6 in Spellcasting
   362 | D        | Reached XP level 2. HP: 15/15 MP: 2/11
   362 | D        | Reached XP level 3. HP: 19/19 MP: 2/12
   362 | D        | Reached XP level 4. HP: 24/24 MP: 2/14
   460 | D        | Learned a level 3 spell: Call Canine Familiar
   465 | D        | Learned a level 4 spell: Summon Ice Beast
   470 | D        | Learned a level 3 spell: Summon Guardian Golem
   475 | D        | Learned a level 4 spell: Summon Lightning Spire
   491 | D        | Reached ** piety under Sif Muna
   663 | D        | Noticed an ice beast
   663 | D        | Noticed a bullfrog
   707 | D        | Killed an ice beast
   707 | D        | Reached XP level 5. HP: 28/28 MP: 3/16
   717 | D        | Reached skill level 7 in Spellcasting
   717 | D        | Reached skill level 5 in Evocations
  1031 | D        | Reached *** piety under Sif Muna
  1036 | D        | Noticed a wyvern
  1058 | D        | Killed a wyvern
  1058 | D        | Reached skill level 5 in Staves
  1058 | D        | Reached skill level 8 in Spellcasting
  1058 | D        | Reached XP level 6. HP: 32/32 MP: 12/19
  1105 | D        | Noticed a hungry ghost
  1105 | D        | Noticed Terence
  1120 | D        | Killed Terence
  1164 | D        | Killed a hungry ghost
  1314 | D        | Noticed an acid dragon
  1340 | D        | Killed an acid dragon
  1340 | D        | Reached **** piety under Sif Muna
  1340 | D        | Reached skill level 9 in Spellcasting
  1358 | D        | HP: 1/32 [centaur/arrow (14)]
  1359 | D        | Shot with an arrow by a centaur

Skill      XL: |  1  2  3  4  5  6 |
---------------+-------------------+-----
Evocations     | 4 6 7 |  7.0
Dodging        | 5 7 8 |  8.1
Staves         | 3 4 5 6 |  6.2
Spellcasting   | 6 8 9 |  9.0
Summonings     | 6 7 8 |  8.3
Stealth        | |  2.4

Action                   |  1- 3 |  4- 6 || total
-------------------------+-------+-------++-------
Melee: Staff             |    11 |    13 ||    24
       Unarmed           |     2 |       ||     2
 Cast: Summon Small Mamm |    23 |       ||    23
       Call Canine Famil |       |    11 ||    11
       Summon Guardian G |       |     8 ||     8
       Summon Ice Beast  |       |    12 ||    12
       Summon Lightning  |       |     1 ||     1
Evoke: Staff of energy   |       |     1 ||     1
  Use: Potion            |     3 |     3 ||     6
       Scroll            |       |     1 ||     1
 Stab: Invisible         |     2 |     1 ||     3
  Eat: Meat ration       |       |     2 ||     2
Armor: Robe              |       |     4 ||     4
Dodge: Dodged            |    11 |    52 ||    63
